 Dungeon Crawl Stone Soup version 0.22-a0-51-g1bb26a1 (webtiles) character file.

21 Delita the Shooter (level 2, 0/23 HPs)
             Began as a Centaur Arcane Marksman on Jan 9, 2018.
             Slain by a gnoll
             ... wielding a +0 club
              (4 damage)
             ... on level 2 of the Dungeon.
             The game lasted 00:09:25 (1436 turns).

Delita the Shooter (Centaur Arcane Marksman)        Turns: 1436, Time: 00:09:26

Health: 0/23       AC:  4    Str: 12    XL:     2   Next: 62%
Magic:  3/3        EV: 10    Int: 12    God:
Gold:   63         SH:  0    Dex:  9    Spells: 2/3 levels left

rFire    . . .     SeeInvis .   a - +0 shortbow
rCold    . . .     Gourm    .   (shield currently unavailable)
rNeg     . . .     Faith    .   e - +0 robe
rPois    +         Spirit   .   (no helmet)
rElec    .         Reflect  .   (no cloak)
rCorr    .         Harm     .   (no gloves)
MR       .....                  (no barding)
Stlth    +.........             (no amulet)
HPRegen  0.07/turn              g - ring of poison resistance
MPRegen  0.08/turn              (no ring)

@: very quick
A: large, hooves 3, deformed body, speed 2, tough skin 3
a: no special abilities


You were on level 2 of the Dungeon.
You were not hungry.

You visited 1 branch of the dungeon, and saw 2 of its levels.

You collected 63 gold pieces.

Inventory:

Hand Weapons
 a - a +0 shortbow (weapon)
Missiles
 d - 29 arrows (quivered)
Armour
 e - a +0 robe (worn)
Jewellery
 b - an uncursed amulet of inaccuracy
 g - a ring of poison resistance (left hand)
Scrolls
 f - a scroll of amnesia {unknown}
 h - 2 scrolls of identify {unknown}
Potions
 i - a potion of cancellation {unknown}
Books
 c - a book of Debilitation

   Spells                             Type                      Level
   a - Corona                         Hexes                        1
   b - Slow                           Hexes                        2
   c - Inner Flame                    Hexes/Fire                   3
   d - Portal Projectile              Hexes/Translocation          3
   e - Cause Fear                     Hexes                        4
   f - Leda's Liquefaction            Hexes/Earth                  4


   Skills:
 + Level 1.1 Fighting
 + Level 3.4 Bows
 + Level 1.5 Dodging
 + Level 0.1 Stealth
 + Level 1.0 Spellcasting
 + Level 3.0 Hexes


You had 2 spell levels left.
You knew the following spells:

 Your Spells              Type           Power        Failure   Level  Hunger
a - Corona                Hex            #......      9%          1    ##.....


Dungeon Overview and Level Annotations

Branches:
Dungeon (2/15)

Altars:


Innate Abilities, Weirdness & Mutations

You have hooves in place of feet.
Armour fits poorly on your strangely shaped body.
You cover ground very quickly.
You have extremely tough skin. (AC +3)


Message History

The gnoll completely misses you.
Firing (i - inventory):
d - 31 arrows (quivered)
Press: ? - help, Shift-Dir - straight line, f/p - gnoll
Aim: a gnoll, wielding a spear (moderately wounded)
You shoot an arrow. The arrow barely misses the gnoll.
The arrow hits the gnoll.
The gnoll is heavily wounded.
The gnoll hits you from afar with a spear.
The gnoll hits you with a club!
* * * LOW HITPOINT WARNING * * *
A hobgoblin comes into view. It is wielding a club.
Firing (i - inventory):
d - 30 arrows (quivered)
Press: ? - help, Shift-Dir - straight line, f/p - gnoll
Aim: a gnoll, wielding a spear (heavily wounded)
You shoot an arrow. The hobgoblin shouts!
The arrow hits the gnoll!
The gnoll is heavily wounded.
The gnoll misses you. The gnoll hits you with a club.
You die...

#. . #.... ..# #. #.
#..#.##.# #. ##.#
#..#..#.# ######. #....
..##.#.# #...... .....#
#.##.#.# #.##... ......#
#.#..#.# #.##.#.
......g###......###.##.#.
..g...gg@.....)..........
.....).###.....####.##..#
......# #.#...# #.##..#
.....# #.#.#.# #.##...
#..g. ......# #......
##.. ###..### #####.# #.
#.)# #.# #. #..# #.# #.#


You could see 3 gnolls, a hobgoblin and a goblin.

Vanquished Creatures
  A ball python (D:1)
  2 giant cockroaches
  2 goblins
  3 hobgoblins
  2 bats (D:1)
  2 frilled lizards
  2 kobolds (D:1)
  7 rats
21 creatures vanquished.

Notes
Turn   | Place    | Note
-------+----------+-------------------------------------------
     0 | D:1      | Delita the Centaur Arcane Marksman began the quest for the Orb.
     0 | D:1      | Reached XP level 1. HP: 16/16 MP: 2/2
   859 | D:1      | Reached XP level 2. HP: 16/23 MP: 3/3
  1436 | D:2      | Slain by a gnoll

Vault maps used:
D:1:      tarquinn_simple_flora_water_c

Skill      XL: |  1  2 |
---------------+-------+-----
Bows           | 3 |  3.4
Hexes          | 3 |  3.0
Fighting       | |  1.1
Dodging        | |  1.5
Stealth        | |  0.1
Spellcasting   | |  1.0

Action                   || total
-------------------------++-------
Melee: Shortbow          ||     3
 Fire: Shortbow          ||    46
 Cast: Corona            ||     2
  Use: Scroll            ||     2
  Eat: Ration            ||     1
Armor: Robe              ||     7
Dodge: Dodged            ||    16

Table legend:
 A = Spawn XP
 B = Non-spawn XP
 C = Spawn XP percentage of total XP
 D = Spawn monster count
 E = Non-spawn monster count
 F = Spawn count percentage of total count
 G = Total turns spent on level
                    A         B        C        D         E        F      G
               +---------+---------+-------+---------+---------+-------+---------
         Total |       0 |      30 |   0.0 |       0 |      21 |   0.0 |  1436
               +---------+---------+-------+---------+---------+-------+---------
           D:1 |       0 |      18 |   0.0 |       0 |      13 |   0.0 |  1092
           D:2 |       0 |      12 |   0.0 |       0 |       8 |   0.0 |   344
               +---------+---------+-------+---------+---------+-------+---------
